Arrhythmia, chaotic female vampiric Convict ------------ ------ ------ ----------- #-..........| -------- |.)..| |..."| |.....I...| ##0|...........# |.......##########|..[)| |.>..| |.....^@.^| # ------------# |......| #..[)[| -%---- |....I....|### # |.{....| |..[.| # |.........|# # -+------ -|---- [ -.---------# # # # # ###%# # # ### # # # # # # # ### # # ### # # ###### ############### # # # ###---------.-- #---|----- # ## # #...........%#%#####|....%..| % ---|--# |.........<| ####.........## ---------.--- |....|# |..........| |.....%.| # |...........| |.....# |..........| |.......| ###|.....[.....| |....| ------------ --------- #-...........| ------ ------------- Arrhythmia the Prisoner Experience level: 10 Strength: 15 Dexterity: 16 Constitution: 20 Intelligence: 14 Wisdom: 10 Charisma: 7 Health: 0(102) Energy: 13(13) AC: -2 Gold: 1741 Moves: 6998 Your Inventory: Coins $ - 1741 gold pieces Armor b - a cursed +0 striped shirt m - an [uncursed] +1 dwarvish mithril-coat (being worn) p - an [uncursed] +0 large round shield [dwarvish roundshield] (being worn) Q - an [uncursed] rotted +0 cloak [of warning] called Warning [dwarvish] (being worn) S - an uncursed +0 leather hat [elven leather helm] (being worn) X - an [uncursed] very rotted +0 T-shirt (being worn) Comestibles e - an uncursed Hot Futa Mare Dick named Lucky charm Scrolls j - 3 uncursed scrolls labeled GNIK SISI VLE [of gold detection] k - an uncursed scroll labeled DAIYEN FOOELS [of identify] M - an uncursed scroll labeled ZLORFIK [of punishment] T - an uncursed scroll of teleportation Rings s - an uncursed ring of searching Wands u - an uncursed wand called Tele [of teleportation (0:4)] v - an uncursed wand of speed monster [0:3] x - an uncursed wand of create monster [0:14] Y - an [uncursed] wand of secret door detection [0:12] Tools a - an uncursed [+0] unicorn horn O - an uncursed looking glass [mirror] W - an uncursed brass lantern (lit) Iron balls c - an uncursed thoroughly rusty heavy iron ball (weapon in hand) Spells known in the end: Name Level Category Fail Memory Your skills at the end: Fighting Skills shield [Basic / Basic] Weapon Skills flail [Basic / Expert] sling [Basic / Skilled] Spellcasting Skills Final Attributes: You were piously aligned. Hunger level was 922. Your alignment was 44 / 44. Monster difficulty range was 1 - 10. Level difficulty was 11. You were immune to poison. You were immune to level-drain. You were immune to sickness. You were warned. You could fly. You could survive without air. You regenerated. Your luck was zero. You are dead. Vanquished creatures: a disenchanter a long worm a small mimic a rodent of unusual size 2 xans a large dog 2 dwarf kings a tengu 2 ettin zombies 2 succubi a chameleon a cockatrice a giant spider 3 horses a black light a gnome king 2 brown puddings 4 rust monsters an owlbear a gold golem a Green-elf a lizard 4 chickatrices 2 dingos a housecat 2 jaguars a gray unicorn a dust vortex a snake 3 apes 6 human zombies 2 soldier ants 4 fire ants a snow ant 3 wood nymphs 2 water nymphs 2 mountain nymphs 3 Mordor orcs 4 Uruk-hai a rock mole a pony a fog cloud 2 shriekers 2 gray oozes a barrow wight a wax golem 3 giant ants a little dog a floating eye 2 dwarves 8 hill orcs a giant bat 2 wererats 2 iguanas 5 killer bees 2 acid blobs 9 manes a brown mold 3 yellow molds a red mold 2 gnomes 2 geckos 8 jackals 2 foxes a kobold 8 sewer rats 4 grid bugs 5 lichens a kobold zombie 6 newts 163 creatures vanquished. Voluntary challenges: You went without food. You never hit with a wielded weapon. You read items or engraved 16 times. You put on armor 26 times. You never genocided any monsters. You never polymorphed an object. You never changed form. You used no wishes. You abstained from Elbereth's help. You never encountered a bones level. You never used any Sokoban shortcuts. Dungeon overview: The Dungeons of Doom: levels 1 to 14 Level 1 a long staircase Level 3 stairs to The Gnomish Mines Level 4 an altar, a fountain Level 5 many fountains Level 6 an altar, some fountains, a sink stairs to Sokoban Level 7 a fountain a long staircase Level 9 many fountains, some trees Level 11 (Literally hitler) <- You were here an altar, a fountain portal to The Quest Level 12 a temple Level 13 some fountains Level 14 a fountain The Gnomish Mines: Level 4 stairs to The Dungeons of Doom The Quest: Level 1 a sink portal to The Dungeons of Doom Sokoban: Level 5 stairs to The Dungeons of Doom History has recorded: On T:1 you entered the Dungeons of Doom to retrieve the Amulet of Yendor! On T:428 you reached level 2 of The Dungeons of Doom. On T:1032 you advanced to experience level 2. On T:1040 you reached level 3 of The Dungeons of Doom. On T:1214 you reached level 1 of The Gnomish Mines. On T:1289 you advanced to experience level 3. On T:1553 you advanced to experience level 4. On T:1809 you reached level 4 of The Dungeons of Doom. On T:2203 you advanced to experience level 5. On T:2273 you reached level 5 of The Dungeons of Doom. On T:2392 you reached level 7 of The Dungeons of Doom. On T:2396 you advanced to experience level 6. On T:2452 you reached level 6 of The Dungeons of Doom. On T:2697 you advanced to experience level 7. On T:2741 you reached level 3 of Sokoban. On T:3310 you reached level 8 of The Dungeons of Doom. On T:3615 you reached level 9 of The Dungeons of Doom. On T:3812 you advanced to experience level 8. On T:4752 you reached level 10 of The Dungeons of Doom. On T:5129 you reached level 11 of The Dungeons of Doom. On T:5212 you advanced to experience level 9. On T:5400 you reached level 14 of The Dungeons of Doom. On T:5436 you reached level 13 of The Dungeons of Doom. On T:5686 you reached level 12 of The Dungeons of Doom. On T:6409 you advanced to experience level 10. On T:6748 you reached level 1 of The Quest. Latest messages: You attack thin air. The giant spider bites! [HP-3=83] You hit it. You miss it. It hits! (2x) The giant spider bites! [HP-32=51] You hit it. You bite it. You feed on the lifeblood. It suddenly seems weaker! The giant spider bites! A mysterious force prevents the white unicorn from teleporting! The giant spider bites! [HP-7=44] You can't go up here. You sit down. You activated a magic portal! You feel dizzy for a moment, but the sensation passes. You named this level: Literally hitler. It hits! (2x) [HP-31=13] [HP+1=14] [HP+1=15] [HP+1=16] It hits! (2x) You die... (2x) Final status: Goodbye Arrhythmia the Convict... You died in The Dungeons of Doom on dungeon level 11 with 19477 points, and 1741 pieces of gold, after 6998 moves. You were level 10 with a maximum of 102 hit points when you died.